 Dungeon Crawl Stone Soup version 0.24-a0-278-gefa1973 (webtiles) character file.

Game seed: 12342269144951423710

18 Hasart the Caller (level 2, -2/15 HPs)
             Began as a Kobold Summoner on Apr 30, 2019.
             Slain by a goblin
             ... wielding a +2 dagger of freezing
              (3 damage)
             ... on level 1 of the Dungeon on May 1, 2019.
             The game lasted 00:04:39 (957 turns).

Hasart the Caller (Kobold Summoner)                  Turns: 957, Time: 00:04:40

Health: -2/15      AC:  3    Str:  5    XL:     2   Next: 90%
Magic:  5/5        EV: 15    Int: 16    God:
Gold:   37         SH:  0    Dex: 15    Spells: 3/6 levels left

rFire    . . .     SeeInvis .   d - +0 short sword
rCold    . . .     Gourm    .   (shield restricted)
rNeg     . . .     Faith    .   a - +0 robe
rPois    .         Spirit   .   (no helmet)
rElec    .         Reflect  .   (no cloak)
rCorr    .         Harm     .   e - +0 pair of gloves
MR       .....                  (no boots)
Stlth    ++........             (no amulet)
HPRegen  0.05/turn              (no ring)
MPRegen  0.09/turn              (no ring)

@: no status effects
A: small, carnivore
a: no special abilities


You were on level 1 of the Dungeon.
You were completely stuffed.

You visited 1 branch of the dungeon, and saw 1 of its levels.

You collected 37 gold pieces.

Inventory:

Hand Weapons
 d - a +0 short sword (weapon)
Armour
 a - a +0 robe (worn)
 e - a +0 pair of gloves (worn)
Scrolls
 f - a scroll of identify {unknown}
 g - a scroll of teleportation {unknown}
Potions
 b - a potion of mutation {unknown}
 h - a potion of lignification {unknown}
Comestibles
 c - a ration
 i - 2 chunks of flesh


   Skills:
 + Level 2.8 Dodging
 - Level 2.6 Stealth
 + Level 2.5 Spellcasting
 * Level 4.4 Summonings


You had 3 spell levels left.
You knew the following spells:

 Your Spells              Type           Power        Failure   Level  Hunger
a - Summon Small Mammal   Summ           ###.         3%          1    #......
b - Call Imp              Summ           ###.....     4%          2    ##.....

Your spell library contained the following spells:

 Spells                   Type           Power        Failure   Level  Hunger
 Call Canine Familiar     Summ           ###.....     10%         3    ###....
 Summon Guardian Golem    Hex/Summ       #.......     24%         3    ###....
 Summon Ice Beast         Ice/Summ       #.......     63%         4    #####..
 Summon Lightning Spire   Summ/Air       #.......     63%         4    #####..


Dungeon Overview and Level Annotations

Branches:
Dungeon (1/15)

Altars:


Innate Abilities, Weirdness & Mutations

You are small and have problems with some larger weapons.
You are carnivorous and can eat meat at any time.


Message History

This raw flesh tastes great.
You now have 27 gold pieces (gained 14).
You see here 4 stones.
Things that are here:
4 stones; a rat corpse You now have 37 gold pieces (gained 10).
You see here a +0 club.
A goblin comes into view. It is wielding a +2 dagger of freezing.
Found a fuming ruby potion and a dagger.
You closely miss the goblin. The goblin hits you but does no damage.
You hit the goblin.
The goblin is moderately wounded.
The goblin hits you with a +2 dagger of freezing.
* * * LOW HITPOINT WARNING * * *
The goblin freezes you.
* * * LOW HITPOINT WARNING * * *
You hit the goblin.
The goblin is heavily wounded.
The goblin hits you with a +2 dagger of freezing.
You die...

.. #### .# #... )#
###...##.# .#
#........# #.....#
......=..# #..#..#
#......g.# .....
#....@!# #.#.#
......#.## ##.#.##
#####
#.####.....###
#......#.....##
######........####
##.#...#.....
#.###)(((### #.#
####(### #.#
#[...†


You could see a goblin.

Vanquished Creatures
  A dart slug (D:1)
  A giant cockroach (D:1)
  A goblin (D:1)
  A hobgoblin (D:1)
  A jackal (D:1)
  A kobold (D:1)
  2 bats (D:1)
8 creatures vanquished.

Vanquished Creatures (collateral kills)
  A dart slug (D:1)
  2 hobgoblins (D:1)
  A kobold (D:1)
  A ball python (D:1)
  A bat (D:1)
  A frilled lizard (D:1)
  2 rats (D:1)
9 creatures vanquished.

Grand Total: 17 creatures vanquished

Notes
Turn   | Place    | Note
-------+----------+-------------------------------------------
     0 | D:1      | Hasart the Kobold Summoner began the quest for the Orb.
     0 | D:1      | Reached XP level 1. HP: 10/10 MP: 3/3
   631 | D:1      | Reached XP level 2. HP: 7/15 MP: 1/5
   650 | D:1      | Learned a level 2 spell: Call Imp
   957 | D:1      | Slain by a goblin

Levels and vault maps discovered:
D:1:      dpeg_arrival_pond, layout_loops_ring

Action                   || total
-------------------------++-------
Melee: Short sword       ||    53
       Unarmed           ||     5
 Cast: Summon Small Mamm ||     6
       Call Imp          ||     1
 Stab: Sleeping          ||     2
       Distracted        ||     1
  Eat: Chunk             ||     9
Armor: Robe              ||    14
Dodge: Dodged            ||    66

Table legend:
 A = Non-vault XP
 B = Vault XP
 C = Vault XP percentage of total XP
 D = Non-vault monster count
 E = Vault monster count
 F = Vault count percentage of total count
                 A         B        C        D         E       F
            +---------+---------+-------+---------+---------+-------
      Total |      27 |       0 |   0.0 |      17 |       0 |   0.0
            +---------+---------+-------+---------+---------+-------
        D:1 |      27 |       0 |   0.0 |      17 |       0 |   0.0
            +---------+---------+-------+---------+---------+-------
